 Dungeon Crawl Stone Soup version 0.31.0-12-g77e489cdc1 (webtiles) character file.

Game seed: 14910650480808036096

23 laschroeter the Chopper (level 2, -1/40 HPs)
             Began as a Minotaur Berserker on Feb 13, 2024.
             Was a Follower of Trog.
             Slain by a gnoll
             ... wielding a +0 flail
              (2 damage)
             ... on level 2 of the Dungeon.
             The game lasted 00:01:36 (752 turns).

laschroeter the Chopper (Minotaur Berserker)         Turns: 752, Time: 00:01:36

Health: -1/40      AC:  3    Str: 21    XL:     2   Next: 72%
Magic:  1/1        EV: 11    Int:  4    God:    Trog [*.....]
Gold:   47         SH:  0    Dex:  9    Spells: 1/1 levels left

rFire   . . .        a - +0 hand axe
rCold   . . .        (no shield)
rNeg    . . .        f - +0 leather armour
rPois   .            (helmet restricted)
rElec   .            (no cloak)
rCorr   .            (no gloves)
SInv    .            (no boots)
Will    .....        (no amulet) Stlth
                     (no ring)
HPRegen 0.26/turn    (no ring)
MPRegen 0.07/turn

%: no passive effects
@: berserking, very quick
A: horns 2, retaliatory headbutt
a: Renounce Religion, Berserk


You were on level 2 of the Dungeon.
You worshipped Trog.
Trog was aware of your devotion.
You visited 1 branch of the dungeon, and saw 2 of its levels.

You collected 47 gold pieces.

Inventory:

Hand Weapons
 a - a +0 hand axe (weapon)
Armour
 b - a +0 animal skin
 f - a +0 leather armour (worn)
Scrolls
 c - a scroll of amnesia {unknown}
 d - a scroll of brand weapon {unknown}
 e - 2 scrolls of teleportation {unknown}
Potions
 g - a potion of heal wounds {unknown}


   Skills:
 + Level 4.1 Fighting
 + Level 4.2 Axes
 + Level 2.5 Armour
 + Level 2.4 Dodging


You had one spell level left.
You didn't know any spells.
Your spell library was empty.

Dungeon Overview and Level Annotations

Branches:
Dungeon (2/15)

Altars:


Innate Abilities, Weirdness & Mutations

You have a pair of horns on your head.
You reflexively headbutt those who attack you in melee.


Message History

A ball python comes into view.
The ball python hisses angrily.
The gnoll barely misses you.
Things that are here:
a +0 club; a goblin corpse You barely miss the gnoll.
The gnoll hits you with a +0 spear!
You closely miss the gnoll. The gnoll closely misses you.
You hit the gnoll.
The gnoll is moderately wounded.
The gnoll completely misses you.
You closely miss the gnoll.
The gnoll is moderately wounded.
The gnoll closely misses you.
You hit the gnoll.
The gnoll is severely wounded.
You hit the ball python.
You kill the ball python!
Trog accepts your kill. The gnoll hits you with a +0 spear.
You closely miss the gnoll.
You headbutt the gnoll, but do no damage.
The gnoll is severely wounded.
The gnoll hits you with a +0 spear. The gnoll hits you with a +0 club.
The gnoll completely misses you.
You are too injured to fight recklessly!
You are too injured to fight recklessly!
A red film seems to cover your vision as you go berserk!
You feel yourself moving faster!
You feel mighty!
The gnoll hits you from afar with a +0 spear!
* * * LOW HITPOINT WARNING * * *
The gnoll misses you. The gnoll hits you with a +0 club.
* * * LOW HITPOINT WARNING * * *
You are too injured to fight recklessly!
You feel a strong urge to attack something.
You slash the gnoll!
You kill the gnoll!
Trog accepts your kill.
You hit the gnoll. You closely miss the gnoll. You completely miss the gnoll.
The gnoll hits you with a +0 flail.
You die...

........#
........
#......#
#......#
#.(....#
#......#
#.)....#
.#####g@g...#
......g)†...#
............#
............#
.........####
.........#
.........#
.........#
.........#


You could see 3 gnolls.

Vanquished Creatures
  A gnoll (D:2)
  4 endoplasms (D:1)
  3 hobgoblins (D:1)
  2 jackals (D:1)
  A kobold (D:1)
  3 ball pythons
  2 bats (D:2)
  2 frilled lizards (D:1)
  2 goblins
20 creatures vanquished.

Notes
Turn   | Place    | Note
-------+----------+-------------------------------------------
     0 | D:1      | laschroeter the Minotaur Berserker began the quest for the
                  | Orb.
     0 | D:1      | Reached XP level 1. HP: 19/19 MP: 0/0
   173 | D:1      | Reached XP level 2. HP: 13/27 MP: 1/1
   750 | D:2      | HP: 1/40 [gnoll/+0 club (5)]
   752 | D:2      | Slain by a gnoll

Illustrated notes

Levels and vault maps discovered:
D:1:      roderic_dead_forest, layout_loops_ring, chequers_serial_rivers_room_b
D:2:      layout_basic

Skill      XL: |  1  2 |
---------------+-------+-----
Fighting       | 4 |  4.1
Axes           | 4 |  4.2
Armour         | |  2.5
Dodging        | |  2.4

Action                     || total
---------------------------++-------
  Melee: Hand axe          ||    37
         Headbutt          ||     3
 Invoke: Berserk           ||     1
 Armour: Animal skin       ||    19
         Leather armour    ||    12
  Dodge: Dodged            ||    24
